 Dungeon Crawl Stone Soup version 0.28-a0-863-g8cecda6153 (webtiles) character file.

Game seed: 6796468584887685482

697 ytrimaz the Chopper (level 7, -3/55 HPs)
             Began as a Formicid Fighter on Nov 17, 2021.
             Slain by an ogre (30 damage)
             ... on level 5 of the Dungeon.
             The game lasted 00:05:02 (5116 turns).

ytrimaz the Chopper (Formicid Fighter)              Turns: 5116, Time: 00:05:02

Health: -3/55      AC:  8    Str: 22    XL:     7   Next: 97%
Magic:  7/7        EV:  9    Int:  8    God:
Gold:   207        SH:  4    Dex: 10    Spells: 6/6 levels left

rFire   . . .      SeeInvis +   a - +0 war axe
rCold   . . .      Faith    .   c - +0 buckler
rNeg    . . .      Spirit   .   b - +0 scale mail
rPois   .          Reflect  .   (helmet unavailable)
rElec   .          Harm     .   (no cloak)
rCorr   .          Rampage  .   (no gloves)
Will    .....                   h - +0 pair of boots
Stlth   ..........              (no amulet)
HPRegen 0.18/turn               (no ring)
MPRegen 0.10/turn               (no ring)

@: mighty
A: permanent stasis, dig shafts and tunnels, antennae 3, four strong arms
a: Dig, Shaft Self


You were on level 5 of the Dungeon.
You visited 1 branch of the dungeon, and saw 5 of its levels.

You collected 207 gold pieces.

Inventory:

Hand Weapons
 a - a +0 war axe (weapon)
Missiles
 n - 2 javelins
Armour
 b - a +0 scale mail (worn)
 c - a +0 buckler (worn)
 h - a +0 pair of boots (worn)
Wands
 l - a wand of flame (19)
Scrolls
 g - 2 scrolls of vulnerability
Potions
 f - a potion of invisibility
 j - a potion of flight
 m - a potion of attraction


   Skills:
 + Level 4.6 Fighting
 * Level 6.9 Axes
 + Level 5.1 Armour
 - Level 3.6 Shields


You had 6 spell levels left.
You didn't know any spells.
Your spell library contained the following spells:

 Spells                   Type           Power      Damage    Failure   Level
 Passage of Golubria      Tloc           0%         N/A       100%        4
 Silence                  Hex/Air        0%         N/A       100%        5
 Lehudib's Crystal Spear  Conj/Erth      0%         10d2      100%        8


Dungeon Overview and Level Annotations

Branches:
Dungeon (5/15)
 Temple: D:4-7

Altars:
Elyvilon

Shops:
D:3 [?[=[

Annotations:
D:4 1 runed translucent door, elagabalus's ghost, amateur MiFi


Innate Abilities, Weirdness & Mutations

You cannot be hasted, slowed, berserked, paralysed or teleported.
You can dig through walls and to a lower floor.
You have a pair of large antennae on your head. (SInv)
Your four strong arms can wield two-handed weapons with a shield.


Message History

Natasha closely misses you.
You hit Natasha.
You kill Natasha!
Natasha screams in pain as she dies!
No target in view!
No target in view!
Key pressed, stopping explore.
Things that are here:
a +0 dagger; a +0 ring mail
Things that are here:
a +0 flail; a +0 ring mail
Things that are here:
a +0 war axe; a +0 leather armour Elagabalus's ghost turns its malevolent gaze towards you.
Could not explore, unopened runed door.
Could not explore, unopened runed door.
Could not explore, unopened runed door.
Could not explore, unopened runed door.
You see here a +0 flail.
You see here a +0 war axe.
There is a stone staircase leading down here.
You climb downwards.
The ogre shouts!
Found an opal ring.
There is a stone staircase leading up here.
Okay, then.
You see here a ring of wizardry.
The ogre hits you with a +0 giant spiked club!!
Ouch! That really hurt!
You are too injured to fight recklessly!
You are too injured to fight recklessly!
You are too injured to fight recklessly!
You see here a ring of wizardry.
There is a stone staircase leading up here.
Found a stone staircase leading down.
Okay, then.
You feel very mighty all of a sudden.
The ogre hits you with a +0 giant spiked club!!
Ouch! That really hurt!
You die...

###.#<#.#
##.#.#^#######
#.>..........#
#............#
#...##.#####.#
#... #.. #.##
#...
#####..#.##
#...
#.###O#######
#... #.#
##@.....# #.
#. #.#####.# .
#.# # #.. #.
#. . { .#


You could see an ogre.

Vanquished Creatures
  Edmund (D:4)
  A water moccasin (D:4)
  An ogre (D:4)
  A water moccasin skeleton (D:4)
  A jelly (D:4)
  A centaur skeleton (D:4)
  An orc priest (D:4)
  Jessica (D:3)
  Natasha (twice) (D:4)
  Robin (D:4)
  4 adders
  An adder skeleton (D:4)
  5 worms
  12 orcs
  A bat (D:1)
  9 endoplasms
  4 giant cockroaches
  17 goblins
  7 hobgoblins
  8 jackals
  6 kobolds
  5 quokkas
  7 ball pythons
  2 frilled lizards
  6 rats
105 creatures vanquished.

Notes
Turn   | Place    | Note
-------+----------+-------------------------------------------
     0 | D:1      | ytrimaz the Formicid Fighter began the quest for the Orb.
     0 | D:1      | Reached XP level 1. HP: 18/18 MP: 1/1
   180 | D:1      | Reached XP level 2. HP: 14/24 MP: 2/2
   409 | D:1      | Found a faded altar of an unknown god.
   651 | D:1      | Reached XP level 3. HP: 19/29 MP: 3/3
  1426 | D:2      | Reached skill level 3 in Axes
  1523 | D:2      | Reached XP level 4. HP: 35/37 MP: 4/4
  2313 | D:3      | Found Iheugh's Armour Boutique.
  2441 | D:3      | Found a white marble altar of Elyvilon.
  2486 | D:3      | Found Xiwibi's Jewellery Shoppe.
  2769 | D:3      | Found Ziageaf's Antique Armour Boutique.
  2838 | D:3      | Reached XP level 5. HP: 40/42 MP: 5/5
  2854 | D:3      | Found Qugitemo's Antique Armour Shoppe.
  2926 | D:3      | Found Patew's Magic Scroll Shoppe.
  3251 | D:3      | Noticed Jessica
  3255 | D:3      | Killed Jessica
  3256 | D:3      | Reached skill level 4 in Axes
  3461 | D:4      | Noticed Edmund
  3461 | D:4      | Noticed an ogre
  3465 | D:4      | Killed an ogre
  3466 | D:4      | Reached XP level 6. HP: 17/48 MP: 6/6
  3472 | D:4      | Killed Edmund
  3473 | D:4      | Reached skill level 5 in Axes
  3838 | D:4      | Noticed Robin
  3857 | D:4      | Killed Robin
  3858 | D:4      | Reached XP level 7. HP: 31/54 MP: 7/7
  4069 | D:4      | Noticed a water moccasin
  4073 | D:4      | Reached skill level 6 in Axes
  4079 | D:4      | Killed a water moccasin
  4233 | D:4      | Reached skill level 5 in Armour
  4311 | D:4      | Found a runed translucent door.
  4311 | D:4      | Noticed elagabalus's ghost (amateur MiFi)
  4520 | D:4      | Noticed Natasha
  4527 | D:4      | Killed Natasha
  4937 | D:4      | Noticed Natasha
  4944 | D:4      | Killed Natasha
  5096 | D:5      | Entered Level 5 of the Dungeon
  5116 | D:5      | Slain by an ogre

Illustrated notes

Levels and vault maps discovered:
D:1:      lightli_arrival_chessboard, layout_basic,
          hellmonk_ecumenical_altar_inner_sanctum
D:2:      layout_loops_corners
D:3:      layout_loops_ring, lemuel_tele_altar, serial_forest,
          infiniplex_forest_end_1, infiniplex_forest_3_way,
          infiniplex_forest_straight_5, infiniplex_forest_clump_curved,
          infiniplex_forest_clump_tiny, infiniplex_forest_straight_4,
          infiniplex_forest_join, infiniplex_forest_pool, serial_shops,
          nicolae_shop_statue_plus, nicolae_shop_crystal, shop_statue, shop,
          nicolae_shop_hallway_stairs, uniq_jessica
D:4:      layout_rooms, hellmonk_ghost_happy_afterlife, hex_tiny,
          kennysheep_generic_room_10, uniq_natasha, uniq_edmund, uniq_robin
D:5:      layout_loops_ring, minmay_temple_entry_junction_2, uniq_pikel,
          uniq_duvessa, uniq_crazy_yiuf_cottage

Skill      XL: |  1  2  3  4  5  6  7 |
---------------+----------------------+-----
Axes           | 3 4 5 6 |  6.9
Armour         | 4 5 |  5.1
Fighting       | 4 |  4.6
Shields        | |  3.6

Action                   |  1- 3 |  4- 6 |  7- 9 || total
-------------------------+-------+-------+-------++-------
Melee: War axe           |    93 |   113 |    87 ||   293
  Use: Scroll            |     3 |     3 |     3 ||     9
       Potion            |       |     2 |     1 ||     3
 Stab: Invisible         |       |     3 |       ||     3
Armor: Scale mail        |    42 |    60 |    44 ||   146
Dodge: Dodged            |    41 |    46 |    44 ||   131
Block: Buckler           |    24 |    21 |    20 ||    65

Table legend: (Time is in decaauts)
 A = Elapsed time spent in this place.
 B = Non-inter-level travel time spent in this place.
 C = Inter-level travel time spent in this place.
 D = Time resting spent in this place.
 E = Time spent auto-exploring this place.
 F = Levels seen in this place.
 G = Mean time per level.
                   A        B        C        D        E       F      G
               +--------+--------+--------+--------+--------+-----+--------+
         Total |   5199 |   5044 |    155 |    922 |   3379 |   5 | 1039.8 |
       Dungeon |   5199 |   5044 |    155 |    922 |   3379 |   5 | 1039.8 |
               +--------+--------+--------+--------+--------+-----+--------+

Top non-repeatable levels by time:
     D:4: 1655 daAuts
     D:2: 1216 daAuts
     D:3: 1167 daAuts
     D:1: 1140 daAuts
     D:5: 19 daAuts
